 Dungeon Crawl Stone Soup version 0.30-a0-939-gc8157cb160 (webtiles) character file.

Game seed: 5517035017208429870

786 2tousent the Chiller (level 7, -7/53 HPs)
             Began as a Demonspawn Ice Elementalist on Mar 25, 2023.
             Mangled by an ogre
             ... wielding a +0 giant spiked club
              (24 damage)
             ... on level 5 of the Dungeon.
             The game lasted 00:10:24 (5199 turns).

2tousent the Chiller (Demonspawn Ice Elementalist)  Turns: 5199, Time: 00:10:24

Health: -7/53      AC: 10    Str: 11    XL:     7   Next: 56%
Magic:  7/13       EV: 12    Int: 18    God:
Gold:   268        SH:  0    Dex: 13    Spells: 7/14 levels left

rFire   . . .      SeeInvis .    n - +0 dagger (speed)
rCold   . . .      Faith    .    (no shield)
rNeg    . . .      Spirit   .    a - +1 robe
rPois   .          Reflect  .    (helmet restricted)
rElec   .          Rampage  .    (no cloak)
rCorr   .                        (no gloves)
Will    .....                    (no boots)
Stlth   ++                       (no amulet)
HPRegen 0.28/turn                (no ring)
MPRegen 0.13/turn                (no ring)

@: ice-armoured, freezing walls
A: horns 1, foul stench 1, spiny 1, big brain 1
a: no special abilities


You were on level 5 of the Dungeon.
You visited 1 branch of the dungeon, and saw 5 of its levels.
You also visited: Ossuary.

You collected 268 gold pieces.

Inventory:

Hand Weapons
 g - a +0 dagger
 n - a +0 dagger of speed (weapon)
Armour
 a - a +1 robe (worn)
 i - a +0 helmet
Jewellery
 l - a ring of flight
Wands
 t - a wand of charming (6)
Scrolls
 e - a scroll of blinking
 f - a scroll of teleportation
 m - 4 scrolls of identify
 p - 3 scrolls of amnesia
 u - a scroll of silence {unknown}
 v - a scroll of enchant armour
Potions
 b - a potion of magic
 c - 4 potions of curing
 d - 5 potions of heal wounds {unknown}
 h - 2 potions of brilliance {unknown}
 j - 3 potions of attraction {unknown}
 k - a potion of flight {unknown}
 o - a potion of haste {unknown}
 q - 3 potions of mutation {unknown}
 r - a potion of degeneration {unknown}
 s - a potion of might {unknown}


   Skills:
 + Level 3.9 Fighting
 - Level 1.8 Dodging
 - Level 1.8 Stealth
 + Level 4.2 Spellcasting
 * Level 6.6 Ice Magic


You had 7 spell levels left.
You knew the following spells:

 Your Spells              Type           Power      Damage    Failure   Level
a - Freeze                Ice            100%       1d10      1%          1
b - Frozen Ramparts       Ice            54%        1d9       2%          3
c - Ozocubu's Armour      Ice            27%        N/A       2%          3

Your spell library contained the following spells:

 Spells                   Type           Power      Damage    Failure   Level
 Ice Form                 Ice/Tmut       15%        N/A       36%         4
 Summon Ice Beast         Ice/Summ       15%        N/A       36%         4


Dungeon Overview and Level Annotations

Branches:
Dungeon (5/15)            Ossuary (visited)
 Temple: D:4-7

Altars:
Kikubaaqudgha

Annotations:
D:5 1 runed translucent door


Innate Abilities, Weirdness & Mutations

You have a pair of small horns on your head.
You may rarely emit foul miasma when damaged in melee.
You are partially covered in sharp spines.
You have an unusually large brain. (Int +2)


Message History

The wall freezes the sleepcap.
Unknown command.
You hit the sleepcap but do no damage.
You headbutt the sleepcap, but do no damage.
The sleepcap is moderately damaged.
The wall freezes the sleepcap.
The sleepcap misses you.
You hit the sleepcap but do no damage.
The sleepcap is heavily damaged.
You hit the sleepcap.
You headbutt the sleepcap, but do no damage.
The sleepcap is severely damaged.
The wall freezes the sleepcap.
The sleepcap barely misses you.
You freeze the sleepcap!
You destroy the sleepcap!
The frozen ramparts melt away.
Your icy armour starts to melt.
Your icy armour evaporates.
You see here a black bear corpse.
A sourceless malevolence fills the Dungeon... and a teleportation trap spontaneously manifests!
You are yanked towards a nearby monster!
Your surroundings suddenly seem different.
An ogre comes into view. It is wielding a +0 giant spiked club.
An ogre is nearby!
An ogre is nearby!
Found a runed translucent door.
The ogre hits you with a +0 giant spiked club!!!
Ouch! That really hurt!
You are too injured to fight recklessly!
Casting: Freeze (safe; 1% risk of failure)
Confirm with . or Enter, or press ? or * to list all spells.
Casting: Frozen Ramparts (dangerous; 2% risk of failure)
Press: ? - help, Dir - look around, f - activate The walls around you are covered in ice.
Unknown command.
Casting: Frozen Ramparts (dangerous; 2% risk of failure)
Confirm with . or Enter, or press ? or * to list all spells.
A film of ice covers your body!
The wall freezes the ogre.
The ogre is struck by your spines.
The ogre hits you with a +0 giant spiked club!!
You die...

# # .#
.#
.##..+
###....
#O..#
#@..#
#...#
#####


You could see an ogre.

Vanquished Creatures
  A black bear (D:5)
  6 water moccasin zombies (Ossuary)
  An orc priest (D:4)
  A jelly (D:5)
  Crazy Yiuf (D:4)
  An iguana (D:4)
  An orc wizard (D:4)
  A sleepcap (D:5)
  2 mummies (Ossuary)
  6 adders
  A white imp (D:5)
  4 adder zombies (Ossuary)
  3 worms
  3 dart slugs
  2 orcs (D:4)
  2 bats (D:1)
  8 endoplasms
  2 giant cockroaches (D:4)
  2 gnoll zombies (Ossuary)
  4 goblins
  8 hobgoblins
  13 jackals
  6 kobolds
  6 quokkas
  3 ball pythons
  A frilled lizard (D:3)
  A hobgoblin zombie (Ossuary)
  7 kobold zombies (Ossuary)
  2 orc zombies (Ossuary)
  3 rats (D:1)
102 creatures vanquished.

Notes
Turn   | Place    | Note
-------+----------+-------------------------------------------
     0 | D:1      | 2tousent the Demonspawn Ice Elementalist began the quest
                  | for the Orb.
     0 | D:1      | Reached XP level 1. HP: 13/13 MP: 3/3
   431 | D:1      | Gained mutation: You have an unusually large brain. (Int
                  | +2) [demonic ancestry]
   431 | D:1      | Reached XP level 2. HP: 13/20 MP: 0/5
   767 | D:1      | Reached skill level 4 in Ice Magic
  1148 | D:1      | Reached skill level 1 in Fighting
  1247 | D:2      | Gained mutation: You have a pair of small horns on your
                  | head. [demonic ancestry]
  1247 | D:2      | Reached XP level 3. HP: 15/26 MP: 0/6
  1506 | D:2      | Learned a level 3 spell: Frozen Ramparts
  2149 | D:2      | Reached XP level 4. HP: 25/32 MP: 3/7
  2567 | D:3      | Found an ancient bone altar of Kikubaaqudgha.
  2856 | D:3      | Learned a level 3 spell: Ozocubu's Armour
  3352 | D:4      | Gained mutation: You are partially covered in sharp spines.
                  | [demonic ancestry]
  3352 | D:4      | Reached XP level 5. HP: 26/38 MP: 2/9
  3699 | D:4      | Reached skill level 5 in Ice Magic
  3767 | D:4      | Found a sand-covered staircase.
  3776 | Ossuary  | Entered an ossuary
  3834 | Ossuary  | Gained mutation: You may rarely emit foul miasma when
                  | damaged in melee. [demonic ancestry]
  3834 | Ossuary  | Reached XP level 6. HP: 46/46 MP: 6/11
  4079 | Ossuary  | Reached skill level 6 in Ice Magic
  4079 | Ossuary  | Reached XP level 7. HP: 33/52 MP: 9/12
  4494 | D:4      | Found a runed translucent door.
  4495 | D:4      | Noticed Crazy Yiuf
  4503 | D:4      | Killed Crazy Yiuf
  5014 | D:5      | Entered Level 5 of the Dungeon
  5197 | D:5      | Found a runed translucent door.
  5199 | D:5      | Mangled by an ogre

Illustrated notes

Levels and vault maps discovered:
D:1:      dpeg_arrival_snail, layout_basic
D:2:      layout_basic
D:3:      layout_basic, mainiacjoe_overflow_concentric_impassable
D:4:      layout_cave_pods, nicolae_ossuary_entry_monument,
          nicolae_underground_beach, uniq_crazy_yiuf_cottage
D:5:      layout_rooms, nicolae_wu_jian_glorious_leap, ebering_ghost_sewer_f

Skill      XL: |  1  2  3  4  5  6  7 |
---------------+----------------------+-----
Ice Magic      | 4 5 6 |  6.6
Fighting       | 1 2 3 |  3.9
Spellcasting   | 3 4 |  4.2
Dodging        | |  1.8
Stealth        | |  1.8

Action                     |  1- 3 |  4- 6 |  7- 9 || total
---------------------------+-------+-------+-------++-------
  Melee: Unarmed           |    24 |       |       ||    24
         Dagger            |    24 |   113 |    53 ||   190
         Punch             |     1 |     3 |     3 ||     7
         Headbutt          |     1 |    17 |    11 ||    29
   Cast: Freeze            |    46 |    24 |    12 ||    82
         Frozen Ramparts   |     6 |    13 |     8 ||    27
         Ozocubu's Armour  |       |       |     5 ||     5
    Use: Scroll            |       |     9 |       ||     9
   Stab: Sleeping          |     2 |     2 |       ||     4
 Armour: Robe              |    11 |    22 |    10 ||    43
  Dodge: Dodged            |    48 |    61 |    23 ||   132

Table legend: (Time is in decaauts)
 A = Elapsed time spent in this place.
 B = Non-inter-level travel time spent in this place.
 C = Inter-level travel time spent in this place.
 D = Time resting spent in this place.
 E = Time spent auto-exploring this place.
 F = Levels seen in this place.
 G = Mean time per level.
                   A        B        C        D        E       F      G
               +--------+--------+--------+--------+--------+-----+--------+
         Total |   5137 |   4917 |    220 |      6 |   3934 |   6 |  856.2 |
       Dungeon |   4549 |   4329 |    220 |      6 |   3473 |   5 |  909.8 |
       Ossuary |    587 |    587 |      0 |      0 |    461 |   1 |  587.0 |
               +--------+--------+--------+--------+--------+-----+--------+

Top non-repeatable levels by time:
     D:1: 1226 daAuts
     D:2: 1136 daAuts
     D:4: 1088 daAuts
     D:3: 917 daAuts
 Ossuary: 587 daAuts
     D:5: 180 daAuts
